 Dungeon Crawl Stone Soup version 0.30.1-1-g62c8e00024 (webtiles) character file.

Game seed: 10065858245206417108

452 spardeous the Digger (level 6, -7/24 HPs)
             Began as a Felid Earth Elementalist on July 15, 2023.
             Was an Initiate of Gozag.
             Killed by divine providence
             ... invoked by an orc priest
              (12 damage)
             ... on level 5 of the Dungeon.
             The game lasted 00:07:20 (2939 turns).

spardeous the Digger (Felid Earth Elementalist)     Turns: 2939, Time: 00:07:20

Health: -7/24      AC:  2    Str:  4    XL:     6   Next: 75%
Magic:  2/10       EV: 19    Int: 18    God:    Gozag
Gold:   68         SH:  0    Dex: 17    Spells: 5/9 levels left
                                        Lives:  0   Deaths: 1

rFire   . . .        (weapon unavailable)
rCold   . . .        (shield unavailable)
rNeg    . . .        (body armour unavailable)
rPois   .            (helmet unavailable)
rElec   .            (cloak unavailable)
rCorr   .            (gloves unavailable)
SInv    +            (boots unavailable)
Will    .....        (no amulet)
Stlth   ++           (no ring)
HPRegen 0.24/turn    (no ring)
MPRegen 0.12/turn

%: no passive effects
@: gold aura, quick
A: very small, claws 1, fangs 3, see invisible, speed 1, shaggy fur 2, stealthy
paws, no weapons or thrown items, no armour, multi-lived
a: Renounce Religion, Potion Petition, Call Merchant, Bribe Branch


You were on level 5 of the Dungeon.
You worshipped Gozag.
Gozag was noncommittal.
You visited 2 branches of the dungeon, and saw 7 of its levels.

You collected 132 gold pieces.
You paid 64 gold pieces to Gozag.

Inventory:

Jewellery
 f - an amulet of faith
 h - a ring of wizardry
Wands
 i - a wand of light (6)
Scrolls
 b - a scroll of teleportation {unknown}
 c - 2 scrolls of blinking
 e - 5 scrolls of identify {unknown}
 j - a scroll of acquirement {unknown}
 k - a scroll of silence {unknown}
Potions
 a - a potion of magic
 d - a potion of cancellation {unknown}
 g - 2 potions of curing {unknown}


   Skills:
 - Level 5.2 Dodging
 - Level 2.6 Stealth
 - Level 2.0 Spellcasting
 - Level 1.1 Transmutations
 + Level 7.1 Earth Magic


You had 5 spell levels left.
You knew the following spells:

 Your Spells              Type           Power      Damage    Failure   Level
a - Sandblast             Erth           54%        2d13      1%          1
b - Stone Arrow           Conj/Erth      28%        3d8       13%         3

Your spell library contained the following spells:

 Spells                   Type           Power      Damage    Failure   Level
 Passwall                 Tmut/Erth      13%        N/A       4%          2
 Petrify                  Tmut/Erth      16%        N/A       32%         4


Dungeon Overview and Level Annotations

Branches:
Dungeon (6/15)             Temple (1/1) D:4

Altars:
Ashenzari
Cheibriados
Dithmenos
Elyvilon
Gozag
Kikubaaqudgha
Nemelex Xobeh
Okawaru
Sif Muna
Trog
Uskayaw
Vehumet
Wu Jian
Xom
Yredelemnul
The Shining One

Shops:
D:3 :

Annotations:
D:2 1 runed translucent door, Crazy Yiuf, Robin
D:4 Sigmund
D:5 Duvessa


Innate Abilities, Weirdness & Mutations

You have sharp claws.
You have razor-sharp teeth.
You have supernaturally acute eyesight. (SInv)
You cover ground quickly. (Speed+)
You are covered in thick fur. (AC +2)
Your paws help you pounce on unaware monsters.
You are incapable of wielding weapons or throwing items.
You cannot wear armour.
You gain extra lives every three experience levels.


Message History

Aiming: Sandblast (safe; 1% risk of failure)
Press: ? - help, Shift-Dir - straight line, f - orc priest
Aim: an orc priest, wielding a +0 mace and wearing a +0 leather armour (83% to hit)
The blast of sand hits the orc priest but does no damage.
The orc priest mumbles some strange prayers to Beogh against you.
You resist with significant effort.
You hear a shout!
Casting: Sandblast (safe; 1% risk of failure)
Confirm with . or Enter, or press ? or * to list all spells.
Aiming: Sandblast (safe; 1% risk of failure)
Press: ? - help, Shift-Dir - straight line, f/p - orc priest
Aim: an orc priest, wielding a +0 mace and wearing a +0 leather armour (83% to hit)
The blast of sand hits the orc priest.
The orc priest is moderately wounded.
The orc priest mumbles some strange prayers to Beogh against you.
Beogh smites you!
* * * LOW HITPOINT WARNING * * *
The orc completely misses you.
Casting: Sandblast (safe; 1% risk of failure)
Confirm with . or Enter, or press ? or * to list all spells.
Aiming: Sandblast (safe; 1% risk of failure)
Press: ? - help, Shift-Dir - straight line, f/p - orc priest
Aim: an orc priest, wielding a +0 mace and wearing a +0 leather armour (moderately wounded, 83% to hit)
The blast of sand hits the orc priest.
The orc priest is heavily wounded.
You hear a shout!
The orc completely misses you.
Casting: Sandblast (safe; 1% risk of failure)
Confirm with . or Enter, or press ? or * to list all spells.
Aiming: Sandblast (safe; 1% risk of failure)
Press: ? - help, Shift-Dir - straight line, f/p - orc priest
Aim: an orc priest, wielding a +0 mace and wearing a +0 leather armour (heavily wounded, 83% to hit)
The blast of sand hits the orc!
You kill the orc!
The orc closely misses you. The orc hits you but does no damage.
The orc priest mumbles some strange prayers to Beogh against you.
Beogh smites you!
Ouch! That really hurt!
You die...
Your body crumbles into a pile of gold.

#........... #######
#........... #.....#
#..........# #.....#
#..........# #.....#
#....[.....# #.....#
#....$.....#
#.....####..........#
#.............oo....#
####........##@###########
## #........#>...........#
#. #........######.#####.#
#.
#..................##.#####.
#..................##.......
#..................###......
###########..........#
#...... #..†c..#
#..........# ##.....
##.###.####..........#
#.....


You could see an orc priest and an orc.

Vanquished Creatures
  A black bear (D:4)
  A centaur (D:5)
  2 phantoms (D:4)
  Dowan (D:5)
  3 hounds (D:5)
  2 iguanas (D:5)
  2 orc wizards (D:5)
  3 adders
  An ufetubus (D:4)
  4 worms
  4 dart slugs
  7 orcs (D:5)
  4 endoplasms
  2 giant cockroaches (D:1)
  5 goblins
  4 hobgoblins
  2 kobolds (D:1)
  2 quokkas
  6 ball pythons
  A bat (D:2)
  A frilled lizard (D:2)
  3 rats
61 creatures vanquished.

Notes
Turn   | Place    | Note
-------+----------+-------------------------------------------
     0 | D:1      | spardeous the Felid Earth Elementalist began the quest for
                  | the Orb.
     0 | D:1      | Reached XP level 1. HP: 7/7 MP: 4/4
   126 | D:1      | Reached skill level 3 in Earth Magic
   128 | D:1      | Reached XP level 2. HP: 10/11 MP: 0/6
   459 | D:2      | Reached XP level 3. HP: 14/14 MP: 4/7
   566 | D:2      | Learned a level 3 spell: Stone Arrow
   662 | D:2      | Found a hide-covered altar of Uskayaw.
   676 | D:2      | Found a faded altar of an unknown god.
   693 | D:2      | Found a runed translucent door.
   693 | D:2      | Noticed Robin
   694 | D:2      | Noticed Crazy Yiuf
  1191 | D:3      | Found Tacwonti's Book Boutique.
  1226 | D:4      | Noticed a phantom
  1246 | D:4      | Killed a phantom
  1247 | D:4      | Reached skill level 5 in Dodging
  1247 | D:4      | Reached skill level 4 in Earth Magic
  1247 | D:4      | Reached XP level 4. HP: 16/18 MP: 2/8
  1323 | D:4      | Found a basalt altar of Yredelemnul.
  1363 | D:4      | Found a staircase to the Ecumenical Temple.
  1378 | D:4      | Noticed Sigmund
  1537 | D:4      | Found a snail-covered altar of Cheibriados.
  1543 | D:4      | Reached XP level 5. HP: 21/21 MP: 4/9
  1628 | D:4      | Noticed a phantom
  1632 | D:4      | Killed a phantom
  1667 | D:5      | Entered Level 5 of the Dungeon
  1669 | D:5      | Noticed a black bear
  1670 | D:5      | Noticed Dowan
  1670 | D:5      | Noticed Duvessa
  1678 | D:5      | Reached skill level 5 in Earth Magic
  1767 | D:4      | Killed a black bear
  1768 | D:4      | Gained mutation: You are covered in thick fur. (AC +2)
                  | [Felid growth]
  1768 | D:4      | Reached XP level 6. HP: 24/24 MP: 7/10
  1874 | D:5      | Killed Dowan
  2149 | Temple   | Entered the Ecumenical Temple
  2303 | D:5      | Noticed a water moccasin
  2316 | D:5      | Reached skill level 6 in Earth Magic
  2318 | D:5      | HP: 1/24 [centaur (1)]
  2319 | D:5      | Slain by a centaur
  2320 | D:5      | Reached XP level 5. HP: -5/21 MP: 4/9
  2473 | D:5      | Killed a centaur
  2474 | D:5      | Reached XP level 6. HP: 6/24 MP: 7/10
  2565 | Temple   | Became a worshipper of Gozag Ym Sagoz the Greedy
  2886 | D:6      | Noticed an ice beast
  2922 | D:5      | Reached skill level 7 in Earth Magic
  2939 | D:5      | Killed from afar by an orc priest

Illustrated notes

Levels and vault maps discovered:
D:1:      saegor_arrival_miasma, layout_rooms, st_stairs_8, minmay_cut_off
D:2:      wad_lake_hut, layout_basic, basic_altar,
          ebering_ecumenical_altar_abandoned, small_statue_intersection,
          hangedman_decor_peaks_small, minmay_pentomino_w2,
          uniq_crazy_yiuf_cottage, uniq_robin
D:3:      cheibrodos_pilgrimage, layout_loops_ring,
          nicolae_overflow_ecumenical_swirl, serial_shops,
          nicolae_shop_hallway_plus, uniq_ijyb
D:4:      layout_loops_ring, lemuel_tele_altar, slow_altar_2,
          minmay_temple_entry_from_below_a, minmay_rat_hole, uniq_sigmund
D:5:      layout_basic, minmay_crystal_water, pf_guarded_unrand_delatra,
          uniq_duvessa
D:6:      layout_cave_pools, mainiacjoe_overflow_catwalk, uniq_edmund
Temple:   zaba_magenta_temple

Skill      XL: |  1  2  3  4  5  6 |
---------------+-------------------+-----
Dodging        | 3 5 |  5.2
Earth Magic    | 3 4 5 7 |  7.1
Stealth        | |  2.6
Spellcasting   | |  2.0
Transmutations | |  1.1

Action                     |  1- 3 |  4- 6 || total
---------------------------+-------+-------++-------
  Melee: Unarmed           |     1 |       ||     1
   Cast: Sandblast         |    45 |    79 ||   124
    Use: Scroll            |       |     1 ||     1
 Armour: Skin              |     1 |     4 ||     5
  Dodge: Dodged            |     5 |    65 ||    70
